[Event "Late-Titled-Tuesday-Blitz-March-05-2024"]
[Site "Chess.com"]
[Date "2024.03.05"]
[Round "2"]
[White "DraningWaterHi"]
[Black "XeresLt"]
[Result "1/2-1/2"]
[WhiteElo "2195"]
[BlackElo "2470"]
[TimeControl "180+1"]
[EndTime "14:18:31 PST"]
[Termination "Game drawn - insufficient material"]

1. d4 Nf6 2. Bf4 g6 3. Nc3 d5 4. Qd2 Bf5 5. Nf3 Nc6 6. Ne5 Bg7 7. Nxc6 bxc6 8. f3 O-O 9. Na4 Rb8 10. b3 Nd7 11. g4 e5 12. Bh6 Bxh6 13. Qxh6 Be6 14.
dxe5 Nxe5 15. O-O-O Qd6 16. h4 Qa3+ 17. Kb1 Qxa4 18. h5 Rfe8 19. hxg6 Nxg6 20. Qxh7+ Kf8 21. e4 Qb4 22. Bd3 Ke7 23. exd5 Rh8 24. Qg7 Rbg8 25. Qb2 Rxh1 26. Rxh1 cxd5 27. Bxg6 Rxg6 28. Qe5 Qd6 29. Qd4 c5 30. Qa4 Qd7 31. Qa5 Qd6 32. Qxa7+ Kf6 33. Qa3 d4 34. Rh5 Rg5 35. Rh6+ Kg7 36. Rh5 Rxh5 37.
gxh5 Kh6 38. b4 cxb4 39. Qd3 Qd5 40. Kc1 Kxh5 41. f4 Qf5 42. Qxd4 Kg6 43. Qxb4 Qg4 44. Kb2 Bf5 45. Qd4 f6 46. Qd8 Kh5 47. Qh8+ Kg6 48.
Qg8+ Kh6 49. Qh8+ Bh7 50. Qxf6+ Kh5 51. Qg5+ Qxg5 52. fxg5 Kxg5 53. a4 Kf6 54. Kb3 Ke6 55. c4 Kd6 56. Kb4 Kc6 57. a5 Kb7 58. c5 Be4 59. Kb5 Bd3+ 60. Kb4 Ka6 61. c6 Bf5 62. c7 Bc8 63. Kc5 Kxa5 64. Kd6 Ka6 65. Ke7 Kb6 66. Kd8 Kb7 67. Ke7 Kxc7 1/2-1/2

[Event "Late-Titled-Tuesday-Blitz-March-05-2024"]
[Site "Chess.com"]
[Date "2024.03.05"]
[Round "2"]
[White "Perecke"]
[Black "ameetghasi100"]
[Result "0-1"]
[WhiteElo "2541"]
[BlackElo "2766"]
[TimeControl "180+1"]
[EndTime "14:18:33 PST"]
[Termination "ameetghasi100 won by checkmate"]

1. e4 g6 2. d4 Bg7 3. Nc3 d6 4. f4 e6 5. Nf3 Ne7 6. h4 h5 7. Be3 d5 8. e5 Nf5 9. Bf2 b6 10.
Bd3 Nh6 11. Ng5 Qd7 12. Qe2 Bf8 13. Nd1 c5 14. c3 Nc6 15. a3 a5 16. Bb5 Be7 17. Ne3 a4 18. g4 hxg4 19. Nxg4 Nxg4 20.
Qxg4 Ra5 21. Qe2 cxd4 22. cxd4 Rxb5 23. Qxb5 Nxe5 24. Qxd7+ Nxd7 25. Rc1 Ba6 26. Nf3 Bd6 27. Ne5 Bb7 28. Ke2 Rh6 29. Be3 Rh5 30. Bd2 Nf6 31.
Bb4 Bb8 32. Nc6 Bxf4 33. Rc2 g5 34. Kf3 Ne4 35. Ne5 f6 36. Ng6 Bb8 37. Kg4 Rh6 38.
h5 f5+ 39. Kf3 g4+ 40. Kg2 Nf6 41. Ne5 Rxh5 42. Rhc1 Bxe5 43. dxe5 d4+ 44. Kg3 Nd5 45. Bd6 Rh3+ 46. Kf2 d3 47. Rd2 Rh2+ 48. Ke1 Rh1+ 49. Kf2 Rxc1 50. Rxd3 Rc2+ 51. Kg3 Kf7 52. Kh4 Kg6 53.
Kg3 Kg5 54. b4 f4# 0-1

[Event "Late-Titled-Tuesday-Blitz-March-05-2024"]
[Site "Chess.com"]
[Date "2024.03.05"]
[Round "2"]
[White "larsmandreassen"]
[Black "andrzej"]
[Result "1/2-1/2"]
[WhiteElo "2238"]
[BlackElo "2487"]
[TimeControl "180+1"]
[EndTime "14:18:33 PST"]
[Termination "Game drawn - insufficient material"]

1. d4 d5 2. Nf3 Nf6 3. c4 dxc4 4. e3 e6 5. Bxc4 c5 6. O-O Nc6 7. Nc3 a6 8. a3 b5 9. Ba2 Bb7 10. dxc5 Qxd1 11. Rxd1 Bxc5 12. b4 Be7 13. Bb2 O-O 14.
Rd2 Rfd8 15. Rad1 Rac8 16. Nd4 Nxd4 17. Rxd4 Rxd4 18. Rxd4 Kf8 19. f3 Ke8 20. Kf1 Bd8 21. Ke2 Bb6 22. Rd2 Rd8 23. Rxd8+ Kxd8 24. e4 Nd7 25. Nd1 g6 26. Ne3 h5 27. g4 hxg4 28. Nxg4 Ke7 29. Ne5 Nxe5 30. Bxe5 f5 31. exf5 exf5 32.
h4 Bc8 33. f4 Be6 34. Bb1 Bc4+ 35. Kf3 Ke6 36. Bc2 Bd8 37. Kg3 Kd5 38. Bd1 Ke4 39. Bf3+ Kd3 40. Bb7 a5 41. bxa5 Bxa5 42. Bc6 Be1+ 43. Kh3 Kc2 44. Be8 Kb3 45. Bd6 Bc3 46. Bxg6 Bb2 47. Bxf5 Bxa3 48. Bxa3 Kxa3 49. h5 Kb2 50. Bd7 b4 51. h6 Bg8 52. f5 b3 53. f6 Kc1 54. Bf5 b2 55. h7 Be6 56.
h8=Q Bxf5+ 57. Kg3 b1=Q 58. Qh1+ Kb2 59. Qxb1+ Kxb1 60. Kf4 Bg6 61. Kg5 Be8 62. Kh6 Bf7 63. Kg7 Ba2 64. Kf8 Bb3 65. Ke7 Ba2 66. f7 Bxf7 1/2-1/2

[Event "Late-Titled-Tuesday-Blitz-March-05-2024"]
[Site "Chess.com"]
[Date "2024.03.05"]
[Round "2"]
[White "SergioMoralesG"]
[Black "igorknyazev"]
[Result "1-0"]
[WhiteElo "2487"]
[BlackElo "2209"]
[TimeControl "180+1"]
[EndTime "14:18:37 PST"]
[Termination "SergioMoralesG won by resignation"]

1. d4 Nf6 2. c4 c5 3. d5 b5 4.
cxb5 a6 5. bxa6 Bxa6 6. Nc3 g6 7. e4 Bxf1 8. Kxf1 d6 9. g3 Bg7 10. Nf3 Qb6 11. Kg2 O-O 12. Re1 Na6 13. h3 Nc7 14. a4 Rfb8 15. Ra3 Nd7 16. Qe2 e6 17. dxe6 fxe6 18. Rd1 Rf8 19. Qd3 Ne5 20. Nxe5 Bxe5 21. f4 Bd4 22. Ne2 e5 23. Nxd4 cxd4 24. f5 gxf5 25.
exf5 Qc6+ 26. Kh2 Rxa4 27. Rxa4 Qxa4 28. Bh6 Rf6 29. Bg5 e4 30. Qxd4 Qxd4 31. Rxd4 Rxf5 32. Bf4 Ne6 33. Rxe4 Nxf4 34. gxf4 Rb5 35. b4 Kf7 36.
Kg3 d5 37. Rd4 Ke6 38. Kg4 Rb8 39. f5+ Ke5 40. Rd1 Rxb4+ 41. Kg5 d4 42. Re1+ Kd5 43. f6 Rb2 44. Kh6 Rf2 45. Kg7 d3 46. f7 d2 47. Rd1 Rg2+ 48. Kxh7 Rf2 49. Rxd2+ Rxd2 50.
f8=Q Ke4 51. Qe7+ Kf3 52. Qf6+ Kg3 53. Qg5+ Kxh3 54. Qxd2 Kg4 55. Qd4+ 1-0

[Event "Late-Titled-Tuesday-Blitz-March-05-2024"]
[Site "Chess.com"]
[Date "2024.03.05"]
[Round "2"]
[White "ProChessWICTH"]
[Black "Sanan_Sjugirov"]
[Result "1/2-1/2"]
[WhiteElo "2643"]
[BlackElo "2989"]
[TimeControl "180+1"]
[EndTime "14:18:41 PST"]
[Termination "Game drawn - insufficient material"]

1. d4 Nf6 2. c4 e6 3. Bg5 h6 4.
Bh4 Bb4+ 5. Nd2 g5 6. Bg3 Ne4 7.
Nf3 b6 8. a3 Bxd2+ 9. Nxd2 Nxg3 10. hxg3 Bb7 11. e4 Nc6 12. d5 Ne5 13. Be2 Qf6 14.
g4 O-O-O 15. f3 Kb8 16. Qc2 c6 17. dxe6 dxe6 18. c5 Qf4 19. O-O-O Qe3 20. Rhe1 Rd7 21. cxb6 axb6 22. Qb3 Qxb3 23. Nxb3 Rxd1+ 24. Rxd1 Kc7 25. Nd4 Ng6 26. Rh1 Nf4 27. Bf1 Bc8 28. g3 Ng6 29. Kd2 Bd7 30. Ke3 Ne5 31. Be2 c5 32. Nb5+ Bxb5 33. Bxb5 Kd6 34. Be2 Nc6 35. f4 gxf4+ 36. gxf4 Nd4 37. g5 h5 38. Rxh5 Rg8 39. e5+ Ke7 40. Bd3 Rd8 41. Rh7 Rf8 42. g6 Ke8 43.
gxf7+ Ke7 44. Bg6 Nc6 45. Rg7 Na5 46. Ke4 Nc4 47. Rg8 Nxb2 48. Rxf8 Kxf8 49. f5 exf5+ 50. Kxf5 Ke7 51. Ke4 Nc4 52. Kd5 Nxa3 53. Kc6 Nc4 54. Kb5 Nxe5 55. Kxb6 c4 56. Bc2 c3 57.
Kc5 Nxf7 58. Kd4 Nd6 59. Kxc3 1/2-1/2

[Event "Late-Titled-Tuesday-Blitz-March-05-2024"]
[Site "Chess.com"]
[Date "2024.03.05"]
[Round "2"]
[White "Lion_DL"]
[Black "martinmena"]
[Result "0-1"]
[WhiteElo "2497"]
[BlackElo "2300"]
[TimeControl "180+1"]
[EndTime "14:18:41 PST"]
[Termination "martinmena won by resignation"]

1. d4 d5 2. c4 e6 3. Nc3 Nf6 4.
cxd5 exd5 5. Bg5 Be7 6. e3 Nbd7 7. Qc2 c6 8. Bd3 O-O 9. Nge2 Re8 10. O-O Nf8 11. h3 Ne4 12. Bxe7 Qxe7 13. Nxe4 dxe4 14.
Bc4 Be6 15. Bxe6 Qxe6 16. Nf4 Qd6 17. Rab1 a5 18. Rfc1 Ne6 19. Qxe4 Nxf4 20. Qxf4 Qxf4 21. exf4 Re4 22. Rd1 Rxf4 23. d5 cxd5 24. Rxd5 Rb4 25. Rbd1 g6 26. b3 a4 27. Rd8+ Rxd8 28. Rxd8+ Kg7 29.
bxa4 Rxa4 30. Rb8 Ra7 31. f3 Kf6 32. Kh2 h5 33. Kg3 Kg7 34. h4 Kf6 35. Kh3 Ke7 36. a4 Kd7 37. Kg3 Kc7 38. Rf8 Rxa4 39. Rxf7+ Kb8 40. Rf6 Ra6 41. Rf8+ Ka7 42. Kf4 b5 43.
Ke5 Rb6 44. Kd4 b4 45. Rc8 b3 46. Rc1 b2 47. Rb1 Rb4+ 48. Kc3 Rxh4 49. Rxb2 Rh2 50.
Kd3 h4 51. Ke3 h3 52. Ra2+ Kb6 53. Rb2+ Kc6 54. Rc2+ Kd6 55. Rd2+ Ke5 56. gxh3 Rxh3 57. Ra2 Kf6 58. Kf4 Rh4+ 59. Kg3 Rc4 60. Ra6+ Kf5 61. Ra5+ Kf6 62. f4 Rc3+ 63. Kg4 Rc1 64. Ra6+ Kf7 65. Kf3 Rg1 66. Ke4 Re1+ 67. Kf3 Rf1+ 68. Ke3 Re1+ 69. Kf2 Rd1 70. Ra5 Kf6 71. Ke2 Rd4 72. Ke3 Rd1 73.
Ra6+ Kf5 74. Ra5+ Kf6 75. Rg5 Re1+ 76. Kf2 Re4 77. Kf3 Ra4 78. Ra5 Rxa5 0-1

[Event "Late-Titled-Tuesday-Blitz-March-05-2024"]
[Site "Chess.com"]
[Date "2024.03.05"]
[Round "2"]
[White "Emp3rador"]
[Black "jcibarra"]
[Result "1-0"]
[WhiteElo "2626"]
[BlackElo "2930"]
[TimeControl "180+1"]
[EndTime "14:18:42 PST"]
[Termination "Emp3rador won on time"]

1. e4 c5 2. Nf3 e6 3. d4 cxd4 4. Nxd4 Bc5 5. Nb3 Bb6 6. Nc3 Ne7 7. Qf3 O-O 8. Be3 f5 9. O-O-O Nbc6 10. Qg3 fxe4 11. Bxb6 axb6 12. Nxe4 Nf5 13. Qc3 d5 14. a3 Bd7 15. Ng3 Rc8 16. Nxf5 Rxf5 17. Qe3 Qf6 18. Bd3 Rxf2 19. Rhf1 Rf8 20. Qxb6 Bc8 21. Rxf2 Qxf2 22.
Qxf2 Rxf2 23. Rd2 Rf6 24. Bb5 Kf7 25. Nc5 Ke7 26. b4 Ne5 27. a4 Nf7 28. a5 Nd6 29. Be2 Kd8 30. c4 Rf4 31. cxd5 exd5 32. Rxd5 Kc7 33. b5 b6 34. axb6+ Kxb6 35. Rxd6+ Kxc5 36. Rc6+ Kb4 37. Rxc8 Rf2 38. g4 Rxe2 39. b6 Re7 40.
Rc7 Re6 41. b7 Rb6 42. Rxg7 h6 43. Kd2 Kc4 44. Ke3 Kd5 45. Kf4 Rf6+ 46. Kg3 Rb6 47. Kh4 Ke4 48. Kh5 Kf3 49. h4 Kg3 50. g5 hxg5 51.
hxg5 Kf4 52. Rf7+ Ke5 53. g6 Ke6 54. Rc7 Rb1 55. g7 Kf6 56. Kh4 Rb2 57. g8=Q Rg2 58. Rf7+ 1-0

[Event "Late-Titled-Tuesday-Blitz-March-05-2024"]
[Site "Chess.com"]
[Date "2024.03.05"]
[Round "2"]
[White "yosephtaher"]
[Black "Smoking_Crow"]
[Result "0-1"]
[WhiteElo "2917"]
[BlackElo "2620"]
[TimeControl "180+1"]
[EndTime "14:18:44 PST"]
[Termination "Smoking_Crow won by resignation"]

1. d4 Nf6 2. Nc3 d5 3. Bf4 c5 4. e4 dxe4 5. d5 a6 6. a4 e6 7. Bc4 exd5 8. Nxd5 Nxd5 9. Bxd5 Be7 10. Bxe4 Qxd1+ 11. Rxd1 Nd7 12. Ne2 O-O 13. O-O Bf6 14. b3 Re8 15. Ng3 Be5 16. Bxe5 Nxe5 17. Rfe1 Kf8 18. h3 Rb8 19. Kf1 g6 20. Rd5 Nd7 21. f3 b6 22.
Rd6 f5 23. Nxf5 gxf5 24. Bxf5 Rxe1+ 25. Kxe1 Ke7 26. Rc6 Kd8 27. Bxh7 Ne5 28. Rh6 Rb7 29. Be4 Re7 30. g4 Nf7 31. Rxb6 Ng5 32. Kf2 Nxe4+ 33.
fxe4 Rxe4 34. Rc6 Re5 35. Kg3 Bb7 36. Rd6+ Kc7 37. Rd2 Re3+ 38. Kh2 Rc3 39. Re2 Bc8 40. Rf2 Kd6 41. g5 Rxh3+ 42. Kg2 Rh4 43. Rf6+ Ke5 44. Rf8 Bb7+ 45. Kg3 Rh1 46. Kg4 Bd5 47. Re8+ Be6+ 48.
Kf3 Rg1 49. Ke3 Rxg5 50. Ra8 Rg3+ 51. Kd2 Rg2+ 52. Kc1 Bf5 53. c4 Rc2+ 54. Kd1 Kd4 55. Rxa6 Bd3 56. a5 Kc3 57. Rc6 Rf2 58. Re6 Rf1+ 59. Re1 Rxe1+ 60. Kxe1 Kxb3 61. a6 Bxc4 62. a7 Bd5 0-1

[Event "Late-Titled-Tuesday-Blitz-March-05-2024"]
[Site "Chess.com"]
[Date "2024.03.05"]
[Round "2"]
[White "xakevicius91"]
[Black "Kosak12"]
[Result "1-0"]
[WhiteElo "2583"]
[BlackElo "2795"]
[TimeControl "180+1"]
[EndTime "14:18:45 PST"]
[Termination "xakevicius91 won by resignation"]

1. e4 c5 2. Nf3 Nc6 3. Bc4 e6 4. O-O a6 5. d4 cxd4 6. Nxd4 Qc7 7.
Nxc6 Qxc6 8. Qe2 b5 9. Bd5 Qc7 10. Bxa8 Bd6 11. f4 Qa7+ 12. Be3 Qxa8 13. Bd4 Ne7 14.
Bxg7 Rg8 15. Bd4 Bb7 16. Nd2 Nf5 17. c3 Nxd4 18. cxd4 f5 19. d5 Kf8 20. Rae1 fxe4 21. Nxe4 Bxd5 22. Ng3 Bc4 23. Qh5 Bxf1 24. Rxf1 Qd5 25.
Qxh7 Rg7 26. Qh8+ Kf7 27. Qh5+ Qxh5 28. Nxh5 Rg8 29. Rd1 Ke7 30. Rc1 e5 31. Re1 Ke6 32. Kf2 Rc8 33. Re2 Kd5 34. Nf6+ Ke6 35. Ng4 Rc4 36.
Nxe5 Rxf4+ 37. Nf3+ Kd5 38. g3 Bc5+ 39. Kg2 Rf7 40.
h4 d6 41. g4 Kc4 42. g5 Kd3 43.
Re6 Rf4 44. Kg3 Rc4 45. g6 Be3 46. g7 Rc8 47. Rxd6+ Ke4 48. Re6+ Kd3 49. h5 Rg8 50. Rg6 Bh6 51. Rxh6 Rxg7+ 52. Rg6 Rc7 53. h6 Rc1 54. h7 Rh1 55. Ng5 Kc2 56. Rxa6 Kxb2 57. Ra8 b4 58. h8=Q+ Rxh8 59. Rxh8 Kxa2 60. Ne4 b3 61. Nc3+ Kb2 62. Rc8 Ka3 63. Kf3 b2 64. Rb8 b1=Q 65. Nxb1+ 1-0

[Event "Late-Titled-Tuesday-Blitz-March-05-2024"]
[Site "Chess.com"]
[Date "2024.03.05"]
[Round "2"]
[White "szachmistrz2500"]
[Black "AungTZ"]
[Result "1-0"]
[WhiteElo "2432"]
[BlackElo "2020"]
[TimeControl "180+1"]
[EndTime "14:18:45 PST"]
[Termination "szachmistrz2500 won on time"]

1. d4 Nf6 2. c4 e6 3. Nf3 b6 4. a3 Bb7 5. Bg5 Be7 6. Nc3 d5 7. cxd5 Nxd5 8. Bxe7 Qxe7 9. e3 O-O 10. Bd3 c5 11.
Nxd5 Bxd5 12. dxc5 Qxc5 13. O-O Bxf3 14. Qxf3 Nd7 15. Rac1 Qe5 16. b4 Nf6 17. Qc6 Rad8 18. Bb5 Ng4 19. g3 Qh5 20. h4 Ne5 21. Qe4 Nf3+ 22.
Kg2 Nd2 23. Qc6 Nxf1 24. Bxf1 Qd5+ 25. Qxd5 Rxd5 26. Rc7 a5 27. b5 Rfd8 28. Rb7 R5d6 29. Be2 g6 30. h5 Kg7 31. Bf3 g5 32. Bc6 h6 33. g4 Rd2 34. Rxb6 Ra2 35. Ra6 Rxa3 36. b6 Rb3 37. b7 Rb2 38. Ra8 Rdd2 39. b8=Q Rxf2+ 40. Kg3 Rxb8 41. Rxb8 Rc2 42. Be8 Kf6 43.
Rb7 Ke5 44. Kf3 Rh2 45. Rb5+ Kf6 46. Rxa5 Rh3+ 47. Kf2 Ke7 48. Bc6 Kd6 49. Bg2 Rh4 50. Kg3 f5 51. gxf5 exf5 52. Ra6+ Ke5 53. Rxh6 Ra4 54. Rh8 Ra3 55. Re8+ Kf6 56. h6 f4+ 57. Kg4 Kg6 58. exf4 gxf4 59. Re6+ Kh7 60. Be4+ Kg8 61. Re8+ 1-0

[Event "Late-Titled-Tuesday-Blitz-March-05-2024"]
[Site "Chess.com"]
[Date "2024.03.05"]
[Round "2"]
[White "KerryStead"]
[Black "Abduzhaparov"]
[Result "0-1"]
[WhiteElo "2044"]
[BlackElo "2440"]
[TimeControl "180+1"]
[EndTime "14:18:47 PST"]
[Termination "Abduzhaparov won on time"]

1. d4 d6 2. e4 Nf6 3. Nc3 e5 4. dxe5 dxe5 5. Qxd8+ Kxd8 6. Bg5 Be6 7. f3 Nd7 8. O-O-O Bd6 9. Nge2 a6 10. Ng3 h6 11.
Be3 g6 12. Nd5 Bxd5 13. exd5 Bc5 14. Bxc5 Nxc5 15. b4 Na4 16. Rd3 Ke7 17. c4 Rhd8 18. Ne4 b5 19. Nxf6 Kxf6 20. c5 a5 21. a3 axb4 22.
axb4 Ke7 23. Kc2 f6 24. Rd1 Rdb8 25. Kb3 f5 26. Bd3 Kf6 27. Bc2 Rd8 28. Rd2 Rd7 29. Rhd1 Rad8 30. g3 h5 31. h3 g5 32. g4 e4 33. fxe4 hxg4 34. hxg4 f4 35. Bd3 c6 36. d6 Rh8 37. e5+ Kxe5 38. Bf5 Rh3+ 39. Rd3 Rxd3+ 40.
Rxd3 Rd8 41. d7 Kf6 42. Rd6+ Ke7 43. Rxc6 f3 44. Rh6 f2 45. Rh1 Rh8 46. Rf1 Rh3+ 47.
Kc2 Rf3 48. Be4 Rf4 49. Bc6 Rxb4 50. Rxf2 Rc4+ 51. Kd3 Nxc5+ 0-1

[Event "Late-Titled-Tuesday-Blitz-March-05-2024"]
[Site "Chess.com"]
[Date "2024.03.05"]
[Round "2"]
[White "arenal72"]
[Black "Oleksandr_Bortnyk"]
[Result "0-1"]
[WhiteElo "2640"]
[BlackElo "3008"]
[TimeControl "180+1"]
[EndTime "14:18:48 PST"]
[Termination "Oleksandr_Bortnyk won by resignation"]

1. Nf3 Nf6 2. g3 g6 3. Bg2 Bg7 4. O-O O-O 5. d3 d5 6. Nbd2 Nc6 7. e4 e5 8. c3 dxe4 9. Nxe4 Nxe4 10. dxe4 Be6 11.
Qe2 a6 12. b3 Qc8 13. Be3 Rd8 14.
Rfd1 f6 15. Rxd8+ Qxd8 16. Rd1 Qe7 17. Ne1 Rd8 18. Rxd8+ Qxd8 19. Qd3 Qc8 20. f3 Bf8 21. Bf1 h5 22. h4 Kf7 23. Kf2 Bd6 24. Nc2 f5 25. Bg5 Qd7 26. Ne3 Ne7 27. Qd2 b5 28. c4 c6 29. exf5 gxf5 30. Bh3 f4 31.
Bxe6+ Qxe6 32. gxf4 exf4 33. Ng2 Bc5+ 34. Kf1 Nf5 35. Qxf4 Bd6 36. Qd2 bxc4 37. Bf4 Bc5 38. Qe2 cxb3 39. Qxe6+ Kxe6 40. axb3 Nd4 41. Ne3 Nxf3 42.
Nc4 Nxh4 43. Ke2 Nf5 44. Bc7 Nd4+ 45. Kd3 Nxb3 46. Nb2 Ba7 47. Nc4 h4 48. Ke4 Nc5+ 49. Kf3 Kd5 50. Na5 Nd7 51. Kg4 Bb6 52. Bxb6 Nxb6 53.
Kxh4 Nc4 54. Nb3 a5 55. Kg4 a4 56. Nc1 Ke4 57. Na2 a3 58. Nb4 c5 59. Na2 Ne3+ 60.
Kg3 Nd1 61. Kg2 Kd3 62. Kf1 Nc3 63. Nc1+ Kc2 0-1

[Event "Late-Titled-Tuesday-Blitz-March-05-2024"]
[Site "Chess.com"]
[Date "2024.03.05"]
[Round "2"]
[White "SnekkerAndersen"]
[Black "GrotBchess"]
[Result "1-0"]
[WhiteElo "2700"]
[BlackElo "2394"]
[TimeControl "180+1"]
[EndTime "14:18:50 PST"]
[Termination "SnekkerAndersen won by resignation"]

1. c4 e6 2. Nf3 d5 3. g3 c5 4.
Bg2 Nf6 5. O-O Nc6 6. cxd5 exd5 7. d4 cxd4 8. Nxd4 Bc5 9. Nxc6 bxc6 10. Qc2 Qb6 11.
Nc3 Be7 12. Be3 Qb7 13. Na4 O-O 14. Bc5 Bxc5 15. Nxc5 Qb6 16. Rac1 Re8 17. Rfd1 Bg4 18. Rd2 h6 19. e4 dxe4 20. Nxe4 Nxe4 21. Bxe4 Rac8 22.
Bg2 Bh5 23. h3 Bg6 24. Qc5 Re1+ 25. Kh2 Rxc1 26. Qxc1 c5 27. Qc3 Qb4 28. Qe3 c4 29. a3 Qb3 30. Qxa7 Kh7 31. Qb7 Qxb7 32. Bxb7 Rb8 33. Bd5 Bd3 34. Bxf7 g5 35. h4 Kg7 36. Bd5 gxh4 37. gxh4 Kf6 38. f4 Kf5 39. Kg3 Rc8 40.
Kf3 Rc7 41. Ke3 Re7+ 42. Kd4 Rc7 43. Rf2 Kg4 44. f5 Bxf5 45. Bxc4 Rd7+ 46. Kc3 Rc7 47. Rd2 Kxh4 48. Rd4+ Kg5 49. b4 h5 50. b5 h4 51. Kb4 h3 52. b6 Rb7 53. Rd6 Be4 54. Bd5 Bxd5 55. Rxd5+ Kg4 56. Kb5 h2 57. Rd1 Kg3 58. a4 Rh7 59. a5 Rh5+ 60. Ka6 Rd5 61.
Rb1 Kg2 62. Rb2+ Kg1 63. Rxh2 Kxh2 64. b7 Rd6+ 65. Ka7 Rd7 66. a6 Kg3 67. Ka8 Rd6 68. a7 Rd8+ 69. b8=Q+ Rxb8+ 1-0

[Event "Late-Titled-Tuesday-Blitz-March-05-2024"]
[Site "Chess.com"]
[Date "2024.03.05"]
[Round "2"]
[White "Antipov_Mikhail_Al"]
[Black "Zavgorodniy_Sergiy"]
[Result "1-0"]
[WhiteElo "2948"]
[BlackElo "2617"]
[TimeControl "180+1"]
[EndTime "14:18:58 PST"]
[Termination "Antipov_Mikhail_Al won by resignation"]

1. e4 c6 2. d4 d5 3. exd5 cxd5 4. Bd3 Nc6 5. c3 Nf6 6. h3 g6 7. Nf3 Bf5 8. Be2 Bg7 9. O-O O-O 10. Re1 Qc7 11. Be3 Rfe8 12. Nbd2 Rad8 13. Rc1 a6 14.
a4 Ne4 15. b4 e5 16. b5 axb5 17. axb5 Nxd2 18. Bxd2 e4 19. bxc6 exf3 20. Bxf3 bxc6 21. Bg5 Rxe1+ 22. Qxe1 Ra8 23. c4 dxc4 24. Rxc4 Qb6 25. Bxc6 Rc8 26. d5 Qb3 27. Rc1 h6 28.
Bf4 g5 29. Be5 Qa3 30. Bxg7 Kxg7 31. Qe5+ Kg6 32. Re1 h5 33. Re3 Qc1+ 34. Kh2 g4 35.
h4 Qc2 36. Qf4 f6 37. Re7 Rxc6 38. dxc6 Qxc6 39. Re3 Be6 40. Qe4+ Qxe4 41. Rxe4 Bd5 42. Re1 Kf5 43. Kg3 Bc6 44. Rc1 Bb7 45. Rc5+ Kg6 46. Rb5 Bc6 47. Rc5 Bb7 48. f3 Ba8 49. fxg4 hxg4 50.
Rc4 f5 51. Rd4 Kh5 52. Rd2 Be4 53. Kf4 Kxh4 54. Rf2 Kh5 55. g3 Kg6 56. Rh2 Kf6 57.
Rh6+ Kg7 58. Re6 Kf7 59. Ke5 Kg7 60. Rf6 Kh7 61. Kf4 Kg7 62. Kg5 Bd3 63. Re6 Be4 64. Re5 Bd3 65. Re7+ Kf8 66. Kf6 Be4 67. Re5 Bd3 68. Rd5 Bb5 69. Rxb5 1-0

[Event "Late-Titled-Tuesday-Blitz-March-05-2024"]
[Site "Chess.com"]
[Date "2024.03.05"]
[Round "2"]
[White "WindWhistler11"]
[Black "Blitzstream"]
[Result "0-1"]
[WhiteElo "2546"]
[BlackElo "2793"]
[TimeControl "180+1"]
[EndTime "14:18:58 PST"]
[Termination "Blitzstream won on time"]

1. Nf3 c5 2. g3 Nc6 3. Bg2 Nf6 4. c4 e5 5. Nc3 g6 6. O-O Bg7 7. a3 O-O 8. b4 d6 9. b5 Nd4 10. Ne1 Qe7 11. e3 Ne6 12. Bb2 Rd8 13. Nc2 Nc7 14.
e4 Ne6 15. Ne3 Nd4 16. Ncd5 Nxd5 17. Nxd5 Qf8 18. Bxd4 exd4 19. d3 Be6 20. Nf4 a6 21.
Nxe6 fxe6 22. a4 axb5 23. axb5 Rxa1 24. Qxa1 Ra8 25. Qd1 Ra2 26. e5 Bxe5 27. Bxb7 d5 28.
Qg4 Qd6 29. Bc8 Kf7 30. f4 Bf6 31. Re1 e5 32. fxe5 Bxe5 33. Rf1+ Bf6 34. Re1 dxc4 35. Be6+ Kg7 36. Bxc4 Rb2 37. Re6 Qf8 38. Qf3 Bg5 39. Qxf8+ Kxf8 40. Rc6 Be3+ 41. Kf1 Rxh2 42. Rxc5 Rf2+ 43.
Ke1 Rb2 44. Rc7 h5 45. Kd1 g5 46. Rh7 h4 47. gxh4 g4 48. Rf7+ Ke8 49. Rg7 Rd2+ 50.
Ke1 Rg2 51. Kd1 g3 52. Bd5 Rd2+ 53. Ke1 Rb2 54. Bc6+ Kf8 55. Rg4 Rh2 56. Kd1 Rb2 57. Rg6 Rd2+ 58. Ke1 Rb2 59. Rg4 Ke7 60. Rxg3 Bf2+ 61. Kd1 Bxg3 62. h5 Bf4 63. Ke1 Kf6 64. Kf1 Kg5 0-1

[Event "Late-Titled-Tuesday-Blitz-March-05-2024"]
[Site "Chess.com"]
[Date "2024.03.05"]
[Round "2"]
[White "Pachonpower"]
[Black "Casper"]
[Result "0-1"]
[WhiteElo "2296"]
[BlackElo "2521"]
[TimeControl "180+1"]
[EndTime "14:19:00 PST"]
[Termination "Casper won by resignation"]

1. e4 d5 2. exd5 Qxd5 3. Nc3 Qa5 4. Nf3 Nc6 5. Be2 Bg4 6. O-O O-O-O 7. a3 e5 8. b4 Bxb4 9. axb4 Qxa1 10. b5 Nce7 11.
Nxe5 Be6 12. Bf3 f6 13. Nd3 Nf5 14. Nc5 Nd4 15. Bxb7+ Kb8 16. Be4 Ne7 17. Na6+ Kc8 18. Qh5 f5 19. Bf3 g6 20. Qh3 g5 21. Qh5 Ng6 22.
Qxg5 Nxf3+ 23. gxf3 Rhg8 24. Kh1 f4 25. Qc5 Rg7 26. Qc6 Bh3 27. Rg1 Rdg8 28. Qa8+ Kd7 29. Qc6+ Kc8 30. Qa8+ Kd7 31. Qc6+ Kd8 32. Qd5+ Ke8 33.
Qe4+ Ne7 34. Nxc7+ Kd7 35. Qd4+ Kxc7 36. Qc5+ Kb7 37.
Rxg7 Rxg7 38. Ne2 Bg2+ 39. Kg1 Bh3+ 40. Kh1 Bg2+ 41. Kg1 Bxf3+ 42. Kf1 Bxe2+ 43. Kxe2 Qxc1 44. Qd4 f3+ 45. Kd3 Qf1+ 46. Kc3 Nf5 47. Qe4+ Kb8 48. Qxf5 Rc7+ 49. Kb2 Qc4 50. Qf8+ Rc8 51. Qd6+ Qc7 52. Qd3 Qe5+ 53. c3 Qf4 54. Kb3 Rf8 55. c4 Qxh2 56.
c5 Qe5 57. c6 Qc7 58. Qd5 Rd8 59. Qxf3 Rxd2 60. Kc4 Rd8 61. Qe4 Qd6 62. f4 Qc7 63. f5 Qd6 64. f6 Qxf6 65. Qxh7 Rd4+ 66. Kb3 Qf3+ 67. Kb2 Rd2+ 68. Qc2 Rxc2+ 69. Kxc2 Kc7 0-1

[Event "Late-Titled-Tuesday-Blitz-March-05-2024"]
[Site "Chess.com"]
[Date "2024.03.05"]
[Round "2"]
[White "TheMagician"]
[Black "WPWPWP-2015"]
[Result "0-1"]
[WhiteElo "2214"]
[BlackElo "2491"]
[TimeControl "180+1"]
[EndTime "14:19:01 PST"]
[Termination "WPWPWP-2015 won on time"]

1. e4 e5 2. Bc4 Nf6 3. d3 c6 4. Bb3 a5 5. a3 a4 6. Ba2 d5 7. Qe2 Bd6 8. Nc3 d4 9. Nb1 O-O 10. h3 Be6 11. Bxe6 fxe6 12. Nd2 b5 13. Nf1 Nbd7 14. Bd2 Qe8 15. g4 Kh8 16. Ng3 c5 17. Nf3 Ng8 18. O-O Ne7 19. Kg2 Ng6 20. Nh5 Be7 21. Ng1 Nh4+ 22. Kh1 g6 23. Ng3 Qd8 24. f4 exf4 25. Bxf4 Bg5 26. Bxg5 Qxg5 27. Nf3 Nxf3 28. Rxf3 Ne5 29. Rxf8+ Rxf8 30. Rf1 Rxf1+ 31. Qxf1 Kg7 32. Qf2 Qc1+ 33. Nf1 g5 34. Kg2 h6 35. Ng3 Kg8 36.
Nh5 Nd7 37. Nf6+ Nxf6 38. Qxf6 Qxc2+ 39. Kg1 Qd1+ 40. Kg2 Qd2+ 41. Kg1 Qc1+ 42. Kg2 Qxb2+ 43. Kg3 Qb3 44. Qg6+ Kf8 45. Qxh6+ Ke8 46. Qg6+ Kd7 47. Qxg5 Qxd3+ 48. Kh4 Qxe4 49. Qxc5 d3 50. Qxb5+ Ke7 51. Qc5+ Kf7 52. Qh5+ Qg6 53. Qa5 Qf6+ 54. g5 Qf4+ 55. Kh5 Qf3+ 56. Kh4 Qe4+ 57. Kh5 Qh7+ 58. Kg4 Qe4+ 59.
Kh5 Qf3+ 0-1

[Event "Late-Titled-Tuesday-Blitz-March-05-2024"]
[Site "Chess.com"]
[Date "2024.03.05"]
[Round "2"]
[White "mightysmasher"]
[Black "Yaacovn"]
[Result "0-1"]
[WhiteElo "2583"]
[BlackElo "2863"]
[TimeControl "180+1"]
[EndTime "14:19:05 PST"]
[Termination "Yaacovn won by checkmate"]

1. e4 c6 2. d4 d5 3. Nd2 dxe4 4. Nxe4 Nf6 5. Nxf6+ gxf6 6. c3 Qd5 7. Nf3 Bg4 8.
Be2 Nd7 9. h3 Bh5 10. Be3 e6 11.
Qb3 Nb6 12. O-O-O Rg8 13. g4 Bg6 14. Nd2 O-O-O 15. a3 c5 16. Nc4 Nxc4 17. Bxc4 Qe4 18. Bd3 Qc6 19. Bb5 Qb6 20. Bc4 Qxb3 21. Bxb3 b6 22. d5 e5 23. f4 Be4 24. Rhe1 Bg2 25. fxe5 fxe5 26. d6 Bxd6 27. Bxf7 Rgf8 28. Be6+ Kc7 29.
g5 Bf3 30. Rd2 e4 31. b4 Be5 32. Kc2 Rxd2+ 33. Bxd2 Bg3 34. Rf1 e3 35. Rg1 exd2 36.
Kxd2 Bf4+ 37. Kc2 Be4+ 38. Kb2 Be3 39. Re1 Rf2+ 40. Ka1 Rf3 41. Bg4 Rg3 42. bxc5 bxc5 43. Kb2 Bg6 44. Kb3 Bf7+ 45. Ka4 Be8+ 46. Kb3 Bc6 47. Rf1 Bxg5 48. Rf7+ Kb6 49. Rxh7 Bd2 50. Kc2 Bxc3 51. Kd1 Bd4 52. Ke2 Re3+ 53. Kd2 Re5 54.
Rh6 Be3+ 55. Kc2 Bxh6 56. h4 Re4 57. h5 Rxg4 58. Kc3 Rg5 59. a4 Rxh5 60. a5+ Kb5 61. a6 Kxa6 62. Kc4 Kb6 63. Kc3 Rg5 64. Kc4 Bf8 65. Kc3 Bd6 66. Kc4 Rg4+ 67. Kc3 Kb5 68. Kb3 Rg3+ 69. Kc2 Kc4 70. Kd2 Rb3 71. Kc2 Bc7 72.
Kd2 Bb6 73. Kc2 a5 74. Kd2 a4 75. Ke2 a3 76. Kd2 a2 77. Ke2 a1=Q 78. Kf2 Qa2+ 79.
Ke1 Rb1# 0-1